 Dungeon Crawl Stone Soup version v3.33-hellcrawl-38-g61495e2 (webtiles) character file.

61 qqqbard the Cleaver (level 12, -1/107 HPs) *CASUAL*
             Began as a Hill Orc Fighter on July 21, 2017.
             Slain by a wraith (6 damage)
             ... led by Josephine
             ... on level 10 of the Dungeon.
             The game lasted 00:13:41 (10413 turns).

qqqbard the Cleaver (Hill Orc Fighter)             Turns: 10413, Time: 00:13:42

Health: -1/107     AC: 19 (39%)Str: 24  XL:     12   Next: 46%
Magic:  12/12      EV: 11    Int:  8    God:
Gold:   795        SH:  0    Dex: 10    Spells: 11/11 levels left

rFire    . . .     SeeInvis .   a - +0 war axe
rCold    . . .     Faith    .   c - +0 shield
rNeg     . . .     Spirit   .   q - +0 plate armour
rPois    .         Reflect  .   D - +0 helmet
rElec    .                      s - +0 cloak
rCorr    .                      N - +1 pair of gloves
MR       .....                  (no boots)
Stlth    ..........             (no amulet)
Regen    0.3/turn               g - +3 ring of evasion
MPRegen  0.2/turn               (no ring)

@: confused, slowed, studying Shields, very slow
A: no striking features
a: no special abilities


You were on level 10 of the Dungeon.
You were not hungry.

You visited 1 branch of the dungeon, and saw 10 of its levels.
You also visited: Bailey.

You collected 795 gold pieces.

Inventory:

Hand Weapons
 a - a +0 war axe (weapon)
Missiles
 f - 74 silver javelins (quivered)
 h - 1393 arrows
 i - 3036 stones
 m - 1314 bolts
 o - 65 javelins
 E - 118 steel tomahawks
 F - 96 poisoned darts
 G - 116 poisoned javelins
 H - 4 tomahawks of dispersal
 K - a tomahawk
 M - 15 curare darts
Armour
 c - a +0 shield (worn)
 q - a +0 plate armour (worn)
 s - a +0 cloak (worn)
 D - a +0 helmet (worn)
 N - a +1 pair of gloves (worn)
Jewellery
 g - a +3 ring of evasion (left hand)
 I - an uncursed amulet of guardian spirit
Wands
 t - a wand of slowing (8)
 w - a wand of digging (6)
 y - a wand of iceblast (8)
 J - a wand of lightning (5)
Scrolls
 b - 2 scrolls of fear
 j - a scroll of magic mapping
 l - 3 scrolls of enchant armour
 n - a scroll of blinking
 p - 4 scrolls of teleportation
 r - 2 scrolls of enchant weapon
 x - a scroll of amnesia
 L - a scroll of fog
Potions
 d - 6 potions of might
 k - 4 potions of brilliance
 u - 2 potions of mutation
 v - a potion of agility
 z - a potion of haste
 A - a potion of cancellation
 C - a potion of ambrosia
Books
 e - a manual of Shields


   Skills:
 + Level 10.3 Fighting
 - Level 2.8 Blades
 * Level 14.4 Axes
 + Level 9.6 Armour
 + Level 6.9 Dodging
 + Level 9.6 Shields


You had 11 spell levels left.
You didn't know any spells.

Dungeon Overview and Level Annotations

Branches:
Dungeon (10/15)

Altars:
Cheibriados
Dithmenos
Elyvilon
Gozag
Hepliaklqana
Kikubaaqudgha
Makhleb
Nemelex Xobeh
Okawaru
Qazlal
Ru
Sif Muna
Trog
Uskayaw
Vehumet
Xom
Yredelemnul
Zin
The Shining One


Message History

You hit the brown ugly thing (2).
The brown ugly thing is almost dead.
You barely miss the wraith. You hit the wraith but do no damage.
The wraith hits you (7)!
* * * LOW HITPOINT WARNING * * *
The wraith hits you (8)!
* * * LOW HITPOINT WARNING * * *
The brown ugly thing kicks you but does no damage.
The wraith hits you (7)!
* * * LOW HITPOINT WARNING * * *
The wraith drains your vigour!
You feel as though you will be slow longer.
The wraith misses you.
You are confused.
You feel invigorated. The brown ugly thing kicks you (3).
* * * LOW HITPOINT WARNING * * *
You are splashed with acid!
The acid burns (9)!
* * * LOW HITPOINT WARNING * * *
The wraith closely misses you. The wraith hits you (6).
You die...

.......'.#).≈#####≈.#
.......###.)≈#...#≈.#
.......# ##.≈..∩.#≈.#
##+##### #.≈#...#≈.#
*,,,,,* #.≈#####≈.#
*****,* #.≈≈≈≈≈≈≈.#
******+** #.........#
,,,,,,,,*###.#.#..####
,,,,,,,,,#.....W@....#
,,,,,,,,,......uW....#
,,,,,,,,*#...........#
,,,,,,,,*#......(....#
*********#.......>...#
#############


You could see a brown ugly thing and 2 wraiths.

Vanquished Creatures
  A two-headed ogre (D:7)
  Pikel (D:4)
  An orc knight (Bailey)
  2 trolls (D:9)
  A wyvern (D:8)
  A steam dragon (D:10)
  4 yaks (D:8)
  3 angry ghosts (D:8)
  A water moccasin (D:8)
  2 black bears
  2 ice beasts
  A spiny frog skeleton (D:10)
  17 orc warriors
  5 ogres
  5 centaurs
  A blink frog skeleton (D:8)
  A big kobold (D:4)
  A bullfrog (D:8)
  A gnoll sergeant (D:7)
  A wyvern skeleton (D:9)
  A scorpion (D:4)
  A water moccasin skeleton (D:7)
  12 killer bees
  5 crimson imps
  2 howler monkeys
  6 wights (D:7)
  7 hounds
  A quasit (D:8)
  5 jellies
  Crazy Yiuf (D:4)
  A centaur skeleton (D:9)
  An orc priest (D:7)
  Jessica (D:3)
  3 orc wizards
  2 worker ants (D:6)
  2 iguanas
  11 gnolls
  2 howler monkey skeletons (D:4)
  10 adders
  A shadow imp (D:7)
  2 oozes
  2 dart slugs
  25 orcs
  8 quokkas
  8 bats
  A bat zombie (D:3)
  6 giant cockroaches
  13 goblins
  8 hobgoblins
  5 jackals
  2 ball pythons (D:2)
  4 frilled lizards
  10 kobolds
  8 rats
  2 rat zombies (D:3)
231 creatures vanquished.

Vanquished Creatures (others)
  An orc (D:4)
  A quokka (D:4)
  A jackal skeleton (D:4)
  2 plants (D:4)
5 creatures vanquished.

Grand Total: 236 creatures vanquished

Notes
Turn   | Place    | Note
-------+----------+-------------------------------------------
     0 | D:1      | qqqbard the Hill Orc Fighter began the quest for the Orb.
     0 | D:1      | Reached XP level 1. HP: 19/19 MP: 1/1
    61 | D:1      | Reached XP level 2. HP: 26/27 MP: 2/2
    63 | D:1      | Reached skill level 3 in Axes
    97 | D:1      | Reached XP level 3. HP: 33/33 MP: 3/3
   193 | D:1      | Reached skill level 1 in Dodging
   526 | D:2      | Reached skill level 1 in Blades
   526 | D:2      | Reached XP level 4. HP: 40/40 MP: 4/4
   652 | D:2      | Found a shadowy altar of Dithmenos.
   796 | D:2      | Reached XP level 5. HP: 46/46 MP: 5/5
  1019 | D:2      | Found a faded altar of an unknown god.
  1421 | D:3      | Noticed Jessica
  1432 | D:3      | Killed Jessica
  1432 | D:3      | Reached skill level 4 in Axes
  1580 | D:3      | Reached XP level 6. HP: 44/53 MP: 6/6
  1750 | D:3      | Found an ancient bone altar of Kikubaaqudgha.
  2221 | D:4      | Reached XP level 7. HP: 58/60 MP: 7/7
  2311 | D:4      | Reached skill level 5 in Fighting
  2333 | D:4      | Reached skill level 5 in Axes
  2333 | D:4      | Reached skill level 5 in Shields
  2368 | D:4      | Found a hazy altar of Hepliaklqana.
  2402 | D:4      | Found a radiant altar of Vehumet.
  2405 | D:4      | Reached skill level 5 in Armour
  2486 | D:4      | Reached XP level 8. HP: 69/69 MP: 8/8
  2521 | D:4      | Found a snail-covered altar of Cheibriados.
  2533 | D:4      | Found a hide-covered altar of Uskayaw.
  2539 | D:4      | Found a shimmering altar of Xom.
  2593 | D:4      | Reached skill level 6 in Axes
  2617 | D:4      | Noticed Pikel
  2647 | D:4      | Killed Pikel
  2647 | D:4      | Reached skill level 8 in Axes
  2647 | D:4      | Reached XP level 9. HP: 68/78 MP: 9/9
  2750 | D:4      | Found a bloodstained altar of Trog.
  2758 | D:4      | Found a glowing golden altar of the Shining One.
  2759 | D:4      | Found an opulent altar of Gozag.
  2960 | D:4      | Found a runed door.
  3262 | D:4      | Noticed Crazy Yiuf
  3270 | D:4      | Killed Crazy Yiuf
  3372 | D:5      | Entered Level 5 of the Dungeon
  3396 | D:5      | Found an iron altar of Okawaru.
  3754 | D:5      | Reached skill level 9 in Axes
  3881 | D:5      | Found a sacrificial altar of Ru.
  4025 | D:5      | Found a glowing silver altar of Zin.
  4303 | D:6      | Found a white marble altar of Elyvilon.
  4468 | D:6      | Found a deep blue altar of Sif Muna.
  4689 | D:6      | Found a stormy altar of Qazlal.
  4766 | D:6      | Found a burning altar of Makhleb.
  4909 | D:6      | Found a basalt altar of Yredelemnul.
  5103 | D:7      | Found a sparkling altar of Nemelex Xobeh.
  5162 | D:7      | Reached XP level 10. HP: 88/88 MP: 10/10
  5166 | D:7      | Found a glowing golden altar of the Shining One.
  5175 | D:7      | Reached skill level 10 in Axes
  5602 | D:7      | Noticed a two-headed ogre
  5622 | D:7      | Killed a two-headed ogre
  5622 | D:7      | Reached skill level 11 in Axes
  5622 | D:7      | Reached skill level 5 in Dodging
  6242 | D:7      | Reached XP level 11. HP: 88/95 MP: 11/11
  6425 | D:8      | Reached skill level 12 in Axes
  7688 | D:9      | Found a glowing golden altar of the Shining One.
  7699 | D:9      | Reached skill level 13 in Axes
  8331 | D:9      | Reached XP level 12. HP: 55/106 MP: 12/12
  8451 | D:10     | Entered Level 10 of the Dungeon
  8466 | D:10     | Reached skill level 10 in Fighting
  8561 | D:10     | Found a flagged portal.
  8571 | Bailey   | Entered a bailey
  9484 | Bailey   | Reached skill level 14 in Axes
 10413 | D:10     | HP: 5/107 [acid (9)]
 10413 | D:10     | Slain by a wraith

Skill      XL: |  1  2  3  4  5  6  7  8  9 10 11 12 |
---------------+-------------------------------------+-----
Axes           | 3 4 5 8 9 11 13 14 | 14.4
Fighting       | 4 5 6 7 8 9 10 | 10.3
Dodging        | 1 2 3 4 5 6 |  6.9
Blades         | 1 2 |  2.8
Armour         | 4 5 6 8 9 |  9.6
Shields        | 4 5 6 7 8 9 |  9.6

Action                   |  1- 3 |  4- 6 |  7- 9 | 10-12 || total
-------------------------+-------+-------+-------+-------++-------
Melee: War axe           |    55 |   148 |   296 |   602 ||  1101
  Use: Potion            |       |       |       |     3 ||     3
       Scroll            |       |       |       |     1 ||     1
Armor: Scale mail        |    29 |    39 |       |       ||    68
       Plate armour      |       |    26 |   114 |   263 ||   403
Dodge: Dodged            |    20 |    57 |    90 |   274 ||   441
Block: Shield            |    42 |    87 |   142 |   401 ||   672
